 Dungeon Crawl Stone Soup version 0.31-a0-524-g2a164cf6a2 (webtiles) character file.

Game seed: 7068022594968993550

1249 AdnanSaban the Cudgeller (level 8, -3/49 HPs)
             Began as a Gargoyle Fighter on Aug 12, 2023.
             Was a Follower of Okawaru.
             Slain by a gnoll
             ... wielding a +0 flail
              (7 damage)
             ... on level 7 of the Dungeon.
             The game lasted 00:04:45 (5616 turns).

AdnanSaban the Cudgeller (Gargoyle Fighter)         Turns: 5616, Time: 00:04:46

Health: -3/49      AC: 19    Str: 23    XL:     8   Next: 50%
Magic:  8/8        EV:  7    Int:  8    God:    Okawaru [*.....]
Gold:   282        SH:  4    Dex:  9    Spells: 7/7 levels left

rFire   . . .        a - +0 flail
rCold   . . .        c - +0 buckler
rNeg    + . .        C - +0 plate armour
rPois   ∞            (no helmet)
rElec   +            (no cloak)
rCorr   +            (no gloves)
SInv    .            m - +0 pair of boots
Will    .....        (no amulet) Stlth
                     w - ring of resist corrosion
HPRegen 0.28/turn    (no ring)
MPRegen 0.11/turn

%: no passive effects
@: no status effects
A: sickness immunity, AC +5, negative energy resistance 1, electricity
resistance, torment resistance 1, petrification resistance
a: Renounce Religion, Heroism


You were on level 7 of the Dungeon.
You worshipped Okawaru.
Okawaru was aware of your devotion.
You visited 2 branches of the dungeon, and saw 8 of its levels.

You collected 282 gold pieces.

Inventory:

Hand Weapons
 a - a +0 flail (weapon)
 B - a +0 morningstar
Missiles
 f - 5 poisoned darts (quivered)
 k - 4 boomerangs
 s - 6 silver javelins
Armour
 c - a +0 buckler (worn)
 m - a +0 pair of boots (worn)
 C - a +0 plate armour (worn)
Jewellery
 w - a ring of resist corrosion (left hand)
Wands
 u - a wand of flame (14)
 y - a wand of quicksilver (6)
Scrolls
 b - 7 scrolls of identify {unknown}
 h - 2 scrolls of amnesia {unknown}
 j - a scroll of silence {unknown}
 p - a scroll of summoning {unknown}
 q - 3 scrolls of enchant weapon {unknown}
 r - 3 scrolls of teleportation {unknown}
 v - a scroll of fear {unknown}
 x - 3 scrolls of immolation {unknown}
 A - a scroll of fog {unknown}
Potions
 d - 3 potions of might
 i - 2 potions of resistance {unknown}
 l - a potion of mutation {unknown}
 n - 2 potions of heal wounds {unknown}
 o - 2 potions of haste {unknown}
 t - a potion of lignification {unknown}
 z - a potion of degeneration {unknown}


   Skills:
 + Level 5.2 Fighting
 + Level 6.8 Maces & Flails
 + Level 0.3 Throwing
 + Level 6.8 Armour
 + Level 1.3 Dodging
 + Level 0.5 Stealth
 + Level 4.3 Shields


You had 7 spell levels left.
You didn't know any spells.
Your spell library was empty.

Dungeon Overview and Level Annotations

Branches:
Dungeon (7/15)             Temple (1/1) D:5

Altars:
Ashenzari
Fedhas
Gozag
Kikubaaqudgha
Makhleb
Nemelex Xobeh
Okawaru
Qazlal
Ru
Sif Muna
Trog
Uskayaw
Vehumet
Wu Jian
Xom
Yredelemnul
Zin
The Shining One

Shops:
D:2 :   D:6 !


Innate Abilities, Weirdness & Mutations

You are immune to sickness and miasma.
Your stone body is resilient. (AC +5)
You are immune to poison.
You resist negative energy. (rN+)
You are resistant to electric shocks. (rElec)
You are resistant to unholy torment.
You are immune to petrification.


Message History

The bullfrog hits you but does no damage.
The gnoll barely misses you.
The bullfrog hits you but does no damage.
You closely miss the bullfrog.
The bullfrog is heavily wounded.
The bullfrog hits you but does no damage.
You block the gnoll's attack.
You hit the bullfrog but do no damage.
The bullfrog is heavily wounded.
The bullfrog completely misses you. The gnoll hits you but does no damage.
You block the bullfrog's attack.
You miss the bullfrog.
The bullfrog is heavily wounded.
The bullfrog hits you but does no damage.
You block the gnoll's attack.
You hit the bullfrog.
The bullfrog is severely wounded.
The bullfrog completely misses you. The gnoll hits you but does no damage.
The bullfrog hits you.
You hit the bullfrog.
The bullfrog is severely wounded.
The bullfrog barely misses you. The gnoll closely misses you.
The bullfrog hits you.
* * * LOW HITPOINT WARNING * * *
The gnoll hits you but does no damage.
You closely miss the bullfrog.
The bullfrog is severely wounded.
The bullfrog hits you but does no damage.
The gnoll hits you with a +0 flail!
* * * LOW HITPOINT WARNING * * *
You sock the bullfrog!
You kill the bullfrog!
Okawaru accepts your kill.
You can now gain great but temporary skills.
You block the gnoll's attack.
You closely miss the gnoll.
You hear the steady creaking of a portcullis nearby.
The gnoll barely misses you.
You barely miss the gnoll. The gnoll hits you with a +0 flail!
You die...

..### ?..# ...# #
..# #. ..# #.#
#.#####
#..##)g...#
#.##...@....# #
#. #.....)...# .#
#. .#.#.......###
.# #.
.##......#..... .
.# #.
.#.#####....#####
#. .#. .#
#..............
#.#.#.#
#.######........
#.<.#
#...<...#.....
#|#.#.#
#.####..#.....


You could see a gnoll.

Vanquished Creatures
  An orc warrior (D:6)
  2 ice beasts
  An ogre (D:4)
  2 phantoms
  A bullfrog (D:7)
  3 scorpions
  A jelly (D:6)
  4 hounds
  A sleepcap (D:4)
  An orc priest (D:5)
  2 iguanas
  2 orc wizards
  2 gnolls (D:7)
  5 adders
  A worm (D:2)
  A dart slug (D:1)
  7 orcs
  13 ball pythons
  10 endoplasms
  3 giant cockroaches
  7 goblins
  5 hobgoblins
  8 jackals
  7 quokkas
  4 bats
  A frilled lizard (D:2)
  7 kobolds
  10 rats
112 creatures vanquished.

Notes
Turn   | Place    | Note
-------+----------+-------------------------------------------
     0 | D:1      | AdnanSaban the Gargoyle Fighter began the quest for the
                  | Orb.
     0 | D:1      | Reached XP level 1. HP: 14/14 MP: 1/1
   184 | D:1      | Reached XP level 2. HP: 15/19 MP: 2/2
   636 | D:1      | Reached XP level 3. HP: 23/23 MP: 3/3
  1331 | D:2      | Found Ytaveo's Vocational Training.
  1413 | D:2      | Reached XP level 4. HP: 27/29 MP: 4/4
  2462 | D:4      | Reached XP level 5. HP: 27/33 MP: 5/5
  2494 | D:4      | Found a stormy altar of Qazlal.
  2568 | D:4      | Found a burning altar of Makhleb.
  2932 | D:4      | Reached XP level 6. HP: 31/38 MP: 6/6
  3325 | D:4      | Reached skill level 5 in Armour
  3612 | D:5      | Entered Level 5 of the Dungeon
  3684 | D:5      | Found a staircase to the Ecumenical Temple.
  3692 | D:5      | Reached skill level 5 in Maces & Flails
  3697 | Temple   | Entered the Ecumenical Temple
  3715 | Temple   | Reached XP level 7. HP: 14/43 MP: 7/7
  3738 | Temple   | Became a worshipper of Warmaster Okawaru
  4686 | D:6      | Reached XP level 8. HP: 48/48 MP: 8/8
  4724 | D:6      | Found Kokuitun's Distillery.
  4883 | D:6      | Reached skill level 1 in Dodging
  4945 | D:6      | Reached skill level 5 in Fighting
  5614 | D:7      | Reached * piety under Okawaru
  5616 | D:7      | Slain by a gnoll

Illustrated notes

Levels and vault maps discovered:
D:1:      mrwooster_arrival_statue, layout_loops_corners, minivault_19
D:2:      layout_loops_corners, nicolae_shop_vocational
D:3:      layout_loops_ring
D:4:      layout_loops_corners, mainiacjoe_overflow_catwalk_spiral
D:5:      layout_basic, minmay_temple_entry_proselytizer
D:6:      layout_basic, serial_shops, shop
D:7:      layout_basic, mainiacjoe_overflow_surrounded_room,
          kennysheep_little_box, enter_bailey_3
Temple:   nicolae_temple_elliptical

Skill      XL: |  1  2  3  4  5  6  7  8 |
---------------+-------------------------+-----
Maces & Flails | 3 4 5 6 |  6.8
Armour         | 4 5 6 |  6.8
Fighting       | 4 5 |  5.2
Shields        | 4 |  4.3
Dodging        | 1 |  1.3
Throwing       | |  0.3
Stealth        | |  0.5

Action                     |  1- 3 |  4- 6 |  7- 9 || total
---------------------------+-------+-------+-------++-------
  Melee: Flail             |   134 |   197 |   148 ||   479
  Throw: Dart              |       |     3 |       ||     3
 Armour: Scale mail        |     9 |       |       ||     9
         Chain mail        |    80 |   110 |    91 ||   281
         Plate armour      |       |       |    34 ||    34
  Dodge: Dodged            |    44 |    77 |    61 ||   182
  Block: Buckler           |    34 |    40 |    43 ||   117

Table legend: (Time is in decaauts)
 A = Elapsed time spent in this place.
 B = Non-inter-level travel time spent in this place.
 C = Inter-level travel time spent in this place.
 D = Time resting spent in this place.
 E = Time spent auto-exploring this place.
 F = Levels seen in this place.
 G = Mean time per level.
                   A        B        C        D        E       F      G
               +--------+--------+--------+--------+--------+-----+--------+
         Total |   5725 |   5405 |    320 |    144 |   4229 |   8 |  715.6 |
       Dungeon |   5456 |   5182 |    274 |      0 |   4229 |   7 |  779.4 |
        Temple |    268 |    222 |     46 |    144 |      0 |   1 |  268.0 |
               +--------+--------+--------+--------+--------+-----+--------+

Top non-repeatable levels by time:
     D:4: 1179 daAuts
     D:6: 1009 daAuts
     D:1: 916 daAuts
     D:2: 838 daAuts
     D:3: 762 daAuts
     D:5: 696 daAuts
  Temple: 268 daAuts
     D:7: 54 daAuts
